 Dungeon Crawl Stone Soup version 0.27.1-33-g824d729ab1 (webtiles) character file.

Game seed: 17616993992184803361

5008 SensoryNuts the Carver (level 10, -6/79 HPs)
             Began as a Demonspawn Gladiator on Dec 14, 2021.
             Was a Priest of Makhleb.
             Mangled by a blink frog (13 damage)
             ... on level 1 of the Lair of Beasts.
             The game lasted 00:14:31 (7967 turns).

SensoryNuts the Carver (Demonspawn Gladiator)       Turns: 7967, Time: 00:14:31

Health: -6/79      AC: 15    Str: 23    XL:     10   Next: 29%
Magic:  10/10      EV:  9    Int: 13    God:    Makhleb [***...]
Gold:   490        SH:  0    Dex: 21    Spells: 9/9 levels left

rFire    . . .     SeeInvis .   m - +3 falchion (protect)
rCold    . . .     Faith    .   (no shield)
rNeg     . . .     Spirit   .   q - +0 plate armour
rPois    .         Reflect  .   n - +2 hat {Int+3}
rElec    .         Harm     .   (no cloak)
rCorr    .         Rampage  .   (no gloves)
Will     .....                  (no boots)
Stlth    ..........             (no amulet)
HPRegen  0.23/turn              e - +6 ring of dexterity
MPRegen  0.12/turn              s - +6 ring of strength

@: no status effects
A: talons 2, demonic guardian 2, sharp scales 1
a: Renounce Religion, Minor Destruction, Lesser Servant of Makhleb


You were on level 1 of the Lair of Beasts.
You worshipped Makhleb.
Makhleb was most pleased with you.
You visited 2 branches of the dungeon, and saw 9 of its levels.

You collected 490 gold pieces.

Inventory:

Hand Weapons
 a - a +1 long sword
 m - a +3 falchion of protection (weapon)
Missiles
 d - 5 throwing nets
Armour
 b - a +0 leather armour
 c - a +0 helmet
 k - a +1 chain mail
 n - a +2 hat of intelligence (worn)
 q - a +0 plate armour (worn)
Jewellery
 e - a +6 ring of dexterity (left hand)
 f - a +4 ring of evasion
 i - a ring of willpower
 s - a +6 ring of strength (right hand)
Wands
 l - a wand of flame (25)
 o - a wand of acid (6) (quivered)
Scrolls
 g - 5 scrolls of identify
 h - a scroll of amnesia {unknown}
 j - 2 scrolls of enchant armour
 t - a scroll of noise {unknown}
 v - a scroll of summoning {unknown}
Potions
 p - a potion of cancellation
 r - a potion of ambrosia
 u - a potion of flight


   Skills:
 + Level 7.2 Fighting
 + Level 10.7 Long Blades
 + Level 1.8 Throwing
 + Level 5.9 Armour
 + Level 3.8 Dodging
 + Level 1.2 Stealth


You had 9 spell levels left.
You didn't know any spells.
Your spell library was empty.

Dungeon Overview and Level Annotations

Branches:
Dungeon (8/15)             Temple (0/1) D:5            Lair (1/6) D:8

Altars:
Ashenzari
Cheibriados
Dithmenos
Elyvilon
Gozag
Makhleb
Nemelex Xobeh
Qazlal
Ru
Sif Muna
Vehumet

Shops:
D:1 =   D:7 =


Innate Abilities, Weirdness & Mutations

You have razor-sharp toenails.
A demonic guardian rushes to your aid.
You are partially covered in razor-sharp scales. (AC +1, Slay +1)


Message History

The blink frog hits you but does no damage.
You hit the blink frog. You claw the blink frog!
The blink frog is moderately wounded.
The blink frog hits you!
The blink frog hits you but does no damage.
You closely miss the blink frog. Your kick misses the blink frog.
The blink frog is moderately wounded.
The blink frog hits you but does no damage.
The blink frog hits you!
* * * LOW HITPOINT WARNING * * *
The blink frog blinks!
You hit the blink frog. Your kick misses the blink frog.
The blink frog is heavily wounded.
The blink frog blinks!
The bullfrog hits you but does no damage.
The bullfrog barely misses you.
You riposte.
You slash the bullfrog!
The bullfrog is heavily wounded.
You see here a bullfrog corpse.
Okay, then.
Okay, then.
Found 19 gold pieces.
Found a stone staircase leading down.
Your ice devil misses the blink frog.
The blink frog hits you!
* * * LOW HITPOINT WARNING * * *
The blink frog barely misses you. The blink frog hits your ice devil.
Your ice devil misses the blink frog.
The blink frog hits your ice devil but does no damage.
Your ice devil completely misses the blink frog.
The blink frog barely misses your ice devil.
The bullfrog completely misses your ice devil.
The bullfrog hits your ice devil but does no damage.
Your ice devil barely misses the blink frog.
Your ice devil disappears in a puff of smoke!
The blink frog blinks!
The blink frog hits you but does no damage.
The blink frog hits you!
* * * LOW HITPOINT WARNING * * *
A demonic guardian appears!
The sentinel's mark upon you fades away.
The blink frog hits you!
You die...

##........P.#
#<.........## #
###............
..#.............!
#................
#........b.......
#..##............
##.###....P.......
#P##..##..4@.........
........P..F.[.......
.......(....P........
._......FD#..#......
........F#.####.....
..........## #....
##.........# ...
...........## ..
##........†.#


You could see a six-headed hydra, 2 blink frogs, a bullfrog and a friendly ice
devil (summoned).

Vanquished Creatures
  A komodo dragon (Lair:1)
  2 blink frogs (Lair:1)
  6 yaks (D:8)
  3 water moccasins
  An ice beast (D:6)
  A necrophage (D:5)
  A black bear (D:5)
  2 ogres
  A centaur (D:8)
  4 bullfrogs
  2 wyvern zombies (D:6)
  2 scorpions (D:6)
  A gnoll sergeant (D:7)
  5 howler monkeys
  3 centaur zombies
  2 jellies
  5 hounds
  A gnoll shaman (D:5)
  3 orc priests
  Jessica (D:3)
  2 iguanas
  Natasha (thrice) (D:2)
  Terence (D:2)
  4 orc wizards
  2 killer bee zombies
  A hound skeleton (D:5)
  8 gnolls
  A howler monkey skeleton (D:7)
  4 adders
  A shadow imp (D:7)
  A white imp (D:8)
  5 worms
  5 dart slugs
  21 orcs
  6 ball pythons
  5 endoplasms
  A giant cockroach (D:1)
  11 goblins
  7 hobgoblins
  3 quokkas
  5 bats
  3 frilled lizards
  3 kobolds
  5 rats
  A butterfly (Lair:1)
156 creatures vanquished.

Vanquished Creatures (collateral kills)
  A gargoyle (D:6)
  5 blink frogs (Lair:1)
  A centaur zombie (D:5)
  A gnoll shaman (D:4)
8 creatures vanquished.

Vanquished Creatures (others)
  2 fungi (Lair:1)
  55 plants
57 creatures vanquished.

Grand Total: 221 creatures vanquished

Notes
Turn   | Place    | Note
-------+----------+-------------------------------------------
     0 | D:1      | SensoryNuts the Demonspawn Gladiator began the quest for
                  | the Orb.
     0 | D:1      | Reached XP level 1. HP: 16/16 MP: 1/1
   510 | D:1      | Found a faded altar of an unknown god.
   520 | D:1      | Gained mutation: You are partially covered in razor-sharp
                  | scales. (AC +1, Slay +1) [demonic ancestry]
   520 | D:1      | Reached XP level 2. HP: 18/22 MP: 2/2
   728 | D:1      | Found Vyrant's Jewellery Emporium.
   772 | D:1      | Reached skill level 3 in Long Blades
  1149 | D:1      | Found Muhept's Book Shoppe.
  1538 | D:2      | Reached XP level 3. HP: 27/27 MP: 3/3
  1599 | D:2      | You fall into a shaft and drop 1 floor!
  1646 | D:3      | Found a shadowy altar of Dithmenos.
  1668 | D:3      | Reached skill level 1 in Armour
  1743 | D:2      | Gained mutation: A weak demonic guardian rushes to your
                  | aid. [demonic ancestry]
  1743 | D:2      | Reached XP level 4. HP: 31/34 MP: 4/4
  1853 | D:2      | Noticed Natasha
  1859 | D:2      | Killed Natasha
  1961 | D:2      | Noticed Terence
  1985 | D:2      | Killed Terence
  1986 | D:2      | Reached skill level 4 in Long Blades
  2492 | D:2      | Found a burning altar of Makhleb.
  2497 | D:2      | Gained mutation: A demonic guardian rushes to your aid.
                  | [demonic ancestry]
  2497 | D:2      | Reached XP level 5. HP: 39/39 MP: 5/5
  2503 | D:2      | Became a worshipper of Makhleb the Destroyer
  2571 | D:2      | Noticed Natasha
  2583 | D:2      | Killed Natasha
  2602 | D:2      | Noticed Natasha
  2609 | D:2      | Killed Natasha
  2852 | D:3      | Found a broken altar of Ashenzari.
  2874 | D:3      | Noticed Jessica
  2880 | D:3      | Killed Jessica
  3342 | D:4      | Reached XP level 6. HP: 34/47 MP: 6/6
  3378 | D:4      | Reached * piety under Makhleb
  3593 | D:4      | Reached skill level 5 in Long Blades
  4043 | D:5      | Entered Level 5 of the Dungeon
  4119 | D:5      | Gained mutation: You have sharp toenails. [demonic
                  | ancestry]
  4119 | D:5      | Reached XP level 7. HP: 39/52 MP: 7/7
  4124 | D:5      | Reached skill level 6 in Long Blades
  4251 | D:5      | Found a snail-covered altar of Cheibriados.
  4284 | D:5      | Found a radiant altar of Vehumet.
  4474 | D:5      | Found a staircase to the Ecumenical Temple.
  4530 | D:5      | Reached skill level 7 in Long Blades
  4573 | D:5      | Found an opulent altar of Gozag.
  4573 | D:5      | Found a sparkling altar of Nemelex Xobeh.
  4677 | D:5      | Gained mutation: You have razor-sharp toenails. [demonic
                  | ancestry]
  4677 | D:5      | Reached XP level 8. HP: 56/60 MP: 8/8
  4897 | D:6      | Noticed a gargoyle
  4915 | D:6      | Killed a gargoyle
  4916 | D:6      | Reached skill level 8 in Long Blades
  4916 | D:6      | Reached skill level 1 in Stealth
  5210 | D:6      | Reached ** piety under Makhleb
  5821 | D:7      | Reached skill level 5 in Fighting
  5932 | D:7      | Reached XP level 9. HP: 68/68 MP: 9/9
  6321 | D:7      | Found a stormy altar of Qazlal.
  6419 | D:7      | Reached skill level 9 in Long Blades
  6505 | D:7      | Found Ygik Dey's Jewellery Emporium.
  6620 | D:7      | Found a burning altar of Makhleb.
  6873 | D:8      | Reached skill level 5 in Armour
  7017 | D:8      | Found a sacrificial altar of Ru.
  7052 | D:8      | Reached skill level 10 in Long Blades
  7093 | D:8      | Found a staircase to the Lair.
  7601 | Lair:1   | Entered Level 1 of the Lair of Beasts
  7632 | Lair:1   | Reached XP level 10. HP: 33/77 MP: 10/10
  7633 | Lair:1   | Reached *** piety under Makhleb
  7916 | Lair:1   | Found a shimmering blue altar of Sif Muna.
  7951 | Lair:1   | Noticed a six-headed hydra
  7967 | Lair:1   | Mangled by a blink frog

Illustrated notes

Levels and vault maps discovered:
D:1:      matt_arrival_grand_opening, layout_loops_corners, serial_shops, shop,
          nicolae_shop_behind_doors, ebering_ecumenical_altar_hall
D:2:      layout_rooms, basic_altar, serial_bayou_lagoon_a, uniq_natasha,
          uniq_terence
D:3:      wander_river, layout_rooms, old_standard_altar,
          nicolae_dithmenos_the_darkroom, uniq_jessica
D:4:      layout_rooms, grunt_tough_drop
D:5:      layout_basic, grunt_temple_overflow_opulence,
          grunt_temple_overflow_open, amcnicky_altar_gilded,
          minmay_temple_entry_tees
D:6:      layout_rooms
D:7:      layout_loops_ring, nicolae_qazlal_general_emergency,
          makhleb_blood_cavern_becter, serial_shops, shop
D:8:      layout_basic, nicolae_ru_the_path_less_chosen, dpeg_oklobed_lair
Lair:1:   layout_cave_pods, basic_altar, lemuel_fruit_fields, grunt_megastairs_3

Skill      XL: |  1  2  3  4  5  6  7  8  9 10 |
---------------+-------------------------------+-----
Long Blades    | 3 4 5 7 8 10 | 10.7
Dodging        | 3 |  3.8
Armour         | 1 2 4 5 |  5.9
Fighting       | 3 4 5 6 7 |  7.2
Stealth        | 1 |  1.2
Throwing       | |  1.8

Action                   |  1- 3 |  4- 6 |  7- 9 | 10-12 || total
-------------------------+-------+-------+-------+-------++-------
Melee: Long sword        |    89 |   175 |    97 |       ||   361
       Kick              |       |       |   136 |    21 ||   157
       Falchion          |       |       |   147 |    40 ||   187
  Use: Scroll            |       |     8 |     1 |       ||     9
       Potion            |       |     3 |     8 |     1 ||    12
 Stab: Sleeping          |     2 |       |       |       ||     2
       Distracted        |       |       |     1 |       ||     1
Armor: Leather armour    |    21 |     8 |       |       ||    29
       Chain mail        |       |    54 |     5 |       ||    59
       Plate armour      |       |       |   126 |    14 ||   140
       Skin              |       |       |     1 |       ||     1
Dodge: Dodged            |    74 |   110 |    96 |    15 ||   295
       Rpst.: Long sword |    20 |    30 |     9 |       ||    59
       Falchion          |       |       |    17 |     5 ||    22
